Map: Frost LE

Players

NyX

  • Race: Protoss Protoss
  • League: Master

Smurficide - Winner!

  • Race: Zerg Zerg
  • League: Master

VOD

Have the link to the VOD?

Description

Time

  • Played on: Nov. 6, 2016, 9:48 p.m.
  • Length: 9:34
Show
View Real Time Build Order
Export as new Build Order

NyX Protoss 

Build Orders: 1 Gate Expand 

Get SALT Encoding   

  12  0:01  Probe (Chrono Boost)  
  13  0:11  Probe (Chrono Boost)  
  14  0:17  Pylon  
  14  0:22  Probe (Chrono Boost)  
  15  0:36  Probe (Chrono Boost)  
  15  0:39  Gateway  
  16  0:46  Probe (Chrono Boost)  
  16  0:48  Assimilator  
  18  0:57  Probe (Chrono Boost)  
  18  0:59  Pylon  
  18  1:07  Probe (Chrono Boost)  
  19  1:27  Nexus  
  19  1:37  Cybernetics Core  
  20  1:40  Probe (Chrono Boost)  
  20  1:50  Probe (Chrono Boost)  
  21  1:55  Assimilator  
  21  2:01  Probe (Chrono Boost)  
  22  2:09  Pylon  
  22  2:11  Probe (Chrono Boost)  
  23  2:16  Warp Gate  
  23  2:27  Adept, Mothership Core (Chrono Boost)  
  27  2:40  Probe (Chrono Boost)  
  28  2:45  Probe (Chrono Boost)  
  28  2:49  Twilight Council  
  28  2:51  Probe (Chrono Boost)  
  30  2:54  Adept  
  30  2:56  Probe (Chrono Boost)  
  33  3:01  Probe (Chrono Boost)  
  34  3:07  Probe (Chrono Boost)  
  34  3:10  Pylon  
  34  3:12  Probe (Chrono Boost)  
  36  3:16  Assimilator  
  36  3:17  Resonating Glaives, Probe (Chrono Boost)  
  36  3:19  Assimilator  
  37  3:22  Probe (Chrono Boost)  
  37  3:25  Stalker  
  40  3:29  Probe (Chrono Boost)  
  40  3:33  Probe (Chrono Boost)  
  42  3:41  Probe (Chrono Boost)  
  43  3:45  Robotics Facility  
  43  3:46  Probe (Chrono Boost)  
  43  3:55  Probe (Chrono Boost)  
  43  3:57  Probe (Chrono Boost)  
  41  4:07  Probe (Chrono Boost)  
  42  4:14  Probe (Chrono Boost)  
  38  4:20  Probe (Chrono Boost)  
  38  4:25  Probe (Chrono Boost)  
  40  4:32  Observer  
  40  4:33  Probe (Chrono Boost)  
  40  4:37  Probe (Chrono Boost)  
  40  4:38  Adept  
  44  4:45  Pylon, Probe (Chrono Boost)  
  45  4:46  Pylon  
  45  4:49  Warp Prism, Probe (Chrono Boost)  
  44  4:57  Probe (Chrono Boost)  
  47  5:07  Pylon  
  47  5:14  Gateway  
  47  5:15  Gateway x2  
  47  5:16  Dark Shrine  
  47  5:24  Stalker  
  49  5:45  Charge  
  49  5:47  Pylon  
  49  5:51  Gateway  
  49  5:52  Gateway  
  49  5:53  Probe x2 (Chrono Boost)  
  49  5:54  Adept  
  53  6:12  Adept  
  53  6:13  Adept  
  57  6:27  Probe (Chrono Boost)  
  57  6:30  Probe (Chrono Boost)  
  57  6:32  Nexus, Warp Prism  
  59  6:39  Pylon  
  55  6:42  Pylon  
  55  6:43  Probe x2 (Chrono Boost)  
  55  6:48  Robotics Bay  
  55  6:55  Sentry x3, Probe x2 (Chrono Boost)  
  55  6:58  Sentry  
  63  7:03  Dark Templar  
  63  7:07  Probe (Chrono Boost)  
  63  7:08  Probe (Chrono Boost)  
  67  7:09  Dark Templar  
  67  7:13  Immortal  
  69  7:20  Dark Templar  
  69  7:21  Dark Templar  
  77  7:31  Pylon  
  77  7:42  Probe (Chrono Boost)  
  77  7:43  Probe (Chrono Boost)  
  70  7:45  Dark Templar  
  70  7:47  Probe (Chrono Boost)  
  73  7:54  Probe (Chrono Boost)  
  73  7:55  Probe (Chrono Boost)  
  73  7:57  Dark Templar  
  73  7:58  Probe (Chrono Boost), Dark Templar x2  
  82  8:11  Archon x2  
  82  8:14  Disruptor  
  82  8:18  Stalker x3  
  74  8:36  Dark Templar x2  
  65  8:47  Disruptor  
  62  8:54  Archon  
  62  8:55  Zealot x4  
  65  9:13  Zealot x2  
  67  9:20  Zealot  
  67  9:22  Zealot x2  
  67  9:24  Zealot  
Show
View Real Time Build Order
Export as new Build Order

Smurficide Zerg - Winner!

Build Orders: Hatch First 

Get SALT Encoding   

  12  0:01  Drone  
  13  0:13  Overlord  
  13  0:18  Drone  
  14  0:31  Drone x2  
  16  0:35  Drone  
  17  0:57  Drone  
  17  0:58  Drone  
  17  1:02  Hatchery  
  18  1:10  Extractor  
  17  1:16  Spawning Pool  
  17  1:17  Drone  
  17  1:21  Drone  
  18  1:29  Drone  
  19  1:42  Overlord  
  19  1:54  Hatchery  
  19  1:57  Drone  
  19  2:08  Drone  
  19  2:14  Metabolic Boost  
  20  2:18  Queen  
  22  2:25  Queen  
  25  2:30  Drone  
  25  2:32  Zergling x2  
  25  2:35  Zergling x2  
  27  2:38  Zergling x2  
  27  2:43  Zergling x2  
  29  2:46  Zergling x2  
  29  2:50  Drone  
  29  2:51  Drone  
  32  2:55  Drone  
  33  3:10  Pneumatized Carapace, Queen  
  35  3:15  Overlord  
  35  3:17  Drone  
  35  3:18  Drone  
  37  3:25  Drone  
  37  3:26  Drone x3  
  41  3:32  Overlord  
  41  3:43  Drone x4  
  41  3:44  Drone  
  46  3:53  Zergling x2  
  46  3:54  Zergling x8  
  47  4:04  Zergling x2  
  47  4:05  Zergling x4  
  50  4:10  Roach Warren  
  47  4:26  Drone  
  47  4:27  Drone x8  
  56  4:31  Extractor  
  55  4:44  Drone  
  55  4:45  Drone x3  
  56  4:53  Overlord  
  56  4:54  Overlord  
  56  4:55  Overlord  
  56  4:57  Spore Crawler  
  54  5:00  Spore Crawler  
  54  5:03  Spore Crawler  
  54  5:05  Drone  
  54  5:06  Drone x8  
  58  5:20  Lair  
  58  5:22  Roach x4  
  58  5:27  Spine Crawler  
  65  5:41  Spine Crawler, Roach  
  65  5:42  Roach x7  
  80  5:47  Queen  
  80  5:48  Overlord  
  82  5:51  Overlord  
  82  5:55  Overlord  
  82  6:14  Drone x2  
  82  6:15  Drone  
  82  6:17  Drone x3  
  88  6:19  Drone x2  
  88  6:22  Glial Reconstitution  
  87  6:42  Roach  
  87  6:43  Roach x8  
  105  6:47  Overlord  
  105  6:48  Overlord x4  
  105  6:50  Extractor  
  104  7:05  Drone x2, Extractor  
  104  7:06  Extractor  
  104  7:08  Drone x2  
  106  7:09  Drone x3  
  109  7:19  Drone x3  
  109  7:20  Drone x3  
  115  7:25  Roach  
  115  7:26  Roach x6  
  129  7:42  Overseer  
  129  7:46  Zergling x2  
  129  7:47  Zergling x10  
  129  7:50  Ravager x3  
  135  7:53  Overseer  
  135  7:55  Overlord x2  
  133  8:07  Zergling x14  
  133  8:08  Zergling x4  
  136  8:38  Zergling x18  
  136  8:39  Zergling x6  
  144  8:53  Roach x4  
Tags
 
Add a new tag
Caveats
  • Supply blocks, unpowered buildings, or Contaminate may cause inaccurate times.
  • Supply counts are checked every 10 seconds.